 Dungeon Crawl Stone Soup version 0.29.1 (webtiles) character file.

Game seed: 669306324314949046

421 qw the Cleaver (level 6, -2/49 (52) HPs)
             Began as a Minotaur Berserker on Sept 13, 2022.
             Was a Believer of Trog.
             Slain by a wight
             ... wielding a +3 scimitar
              (3 damage)
             ... on level 7 of the Dungeon.
             The game lasted 00:01:16 (3417 turns).

qw the Cleaver (Minotaur Berserker)                 Turns: 3417, Time: 00:01:16

HP:   -2/49 (52)    AC:  6    Str: 24    XL:     6   Next: 62%
MP:   5/5           EV: 10    Int:  4    God:    Trog [**....]
Gold: 126           SH:  0    Dex:  9    Spells: 5/5 levels left

rFire   . . .      SeeInvis .   Y - +3 hand axe
rCold   . . .      Faith    .   (no shield)
rNeg    . . .      Spirit   .   d - +0 scale mail
rPois   .          Reflect  .   (helmet restricted)
rElec   .          Harm     .   (no cloak)
rCorr   .          Rampage  .   (no gloves)
Will    .....                   (no boots)
Stlth   ..........              (no amulet)
HPRegen 0.16/turn               (no ring)
MPRegen 0.09/turn               (no ring)

@: about to teleport, drained
A: horns 2, retaliatory headbutt
a: Renounce Religion, Berserk, Trog's Hand


You were on level 7 of the Dungeon.
You worshipped Trog.
Trog was pleased with you.
You visited 1 branch of the dungeon, and saw 5 of its levels.

You collected 126 gold pieces.


Innate Abilities, Weirdness & Mutations

You have a pair of horns on your head.
You reflexively headbutt those who attack you in melee.


   Skills:
 - Level 4.2 Fighting
 + Level 8.8 Axes
 - Level 2.4 Armour
 - Level 2.1 Dodging


You had 5 spell levels left.
You didn't know any spells.
Your spell library was empty.

Inventory:

Hand Weapons
 c - a +0 club
 Y - a +3 hand axe (weapon)
Armour
 d - a +0 scale mail (worn)
Jewellery
 j - a ring of ice
Scrolls
 g - a scroll of identify
Potions
 h - 3 potions of curing

Dungeon Overview and Level Annotations

Branches:
Dungeon (4/15)
 Temple: D:4-7

Altars:


Message History

You see here 8 stones.
Found a short wooden wand.
A kobold comes into view. It is wielding a +0 club.
A sourceless malevolence fills the Dungeon...
You fall into a shaft and drop 3 floors!
The shaft crumbles and collapses.
Found 12 gold pieces and a scroll of immolation.
Existing waypoints: (1) D:4 (2) D:3 Assign waypoint to what number? (0-9, D - delete waypoint) Waypoint 2 re-assigned from D:3 to D:7.
Enter note: A wight comes into view.
It is wielding a +3 halberd of freezing.
A wight comes into view. It is wielding a +0 great sword.
3410 ||| Stepping ~*~*~tactically~*~*~ (stealth).
A wight comes into view. It is wielding a +3 scimitar.
3411 ||| Stepping ~*~*~tactically~*~*~ (stealth).
You completely miss the wight. You barely miss the wight.
The wight hits you with a +0 great sword!
You hit the wight but do no damage.
The wight hits you with a +0 great sword.
You hit the wight. Your headbutt misses the wight.
The wight is lightly damaged.
You barely miss the wight. The wight closely misses you.
The wight hits you with a +0 great sword!
You feel drained. The wight barely misses you. You furiously retaliate!
You headbutt the wight, but do no damage.
You hit the wight.
The wight is heavily damaged.
You hit the wight. The wight barely misses you.
The wight hits you from afar with a +3 halberd of freezing!!
The wight freezes you. The wight closely misses you.
3417 ||| READING scroll of teleportation.
As you read the scroll of teleportation, it crumbles to dust.
You feel strangely unstable. The wight hits you with a +3 scimitar!
You feel drained.
You die...

... #.... .#
.... ...# #.
..... ......
##.#.##..#.# #
.........#.#.#.#
.....#..........
.$.......zz....#
........@#
#+##.##.z#
#.........#
............#
##.#.#.#.....#
#.#.##......# #
#. #.....# ..
.....# .. ..?..


You could see 3 wights.

Vanquished Creatures
  Grinder (D:3)
  A scorpion (D:3)
  An iguana (D:4)
  Natasha (D:3)
  A gnoll (D:1)
  4 worms
  A dart slug (D:1)
  An orc (D:3)
  6 endoplasms
  12 giant cockroaches
  8 goblins
  11 hobgoblins
  3 jackals (D:1)
  4 quokkas
  6 ball pythons
  A bat (D:3)
  4 frilled lizards
  5 kobolds
  7 rats
78 creatures vanquished.

Notes
Turn   | Place    | Note
-------+----------+-------------------------------------------
     0 | D:1      | qw the Minotaur Berserker began the quest for the Orb.
     0 | D:1      | Reached XP level 1. HP: 19/19 MP: 0/0
     0 | D:1      | 0 ||| qw: Version: 0.1-a-119-g272c26d
     0 | D:1      | 0 ||| qw: Game counter: 11177
     0 | D:1      | 0 ||| qw: Always use a shield: true
     0 | D:1      | 0 ||| qw: Do Orc after D:15 true
     0 | D:1      | 0 ||| qw: Do second Lair branch before Depths: true
     0 | D:1      | 0 ||| qw: Lair rune preference: random
     0 | D:1      | 0 ||| qw: Plans: Normal
     0 | D:1      | 0 ||| PLANNING D:1-11
     9 | D:1      | Found a faded altar of an unknown god.
    73 | D:1      | Reached skill level 4 in Axes
    79 | D:1      | 79 ||| Stepping ~*~*~tactically~*~*~ (stealth).
   104 | D:1      | 104 ||| Stepping ~*~*~tactically~*~*~ (stealth).
   105 | D:1      | 105 ||| Stepping ~*~*~tactically~*~*~ (stealth).
   106 | D:1      | 106 ||| Stepping ~*~*~tactically~*~*~ (stealth).
   165 | D:1      | 165 ||| Stepping ~*~*~tactically~*~*~ (stealth).
   166 | D:1      | 166 ||| Stepping ~*~*~tactically~*~*~ (stealth).
   171 | D:1      | Reached XP level 2. HP: 26/26 MP: 1/1
   218 | D:1      | 218 ||| Stepping ~*~*~tactically~*~*~ (stealth).
   274 | D:1      | 274 ||| Stepping ~*~*~tactically~*~*~ (stealth).
   275 | D:1      | 275 ||| Stepping ~*~*~tactically~*~*~ (stealth).
   322 | D:1      | 322 ||| Stepping ~*~*~tactically~*~*~ (stealth).
   323 | D:1      | 323 ||| Stepping ~*~*~tactically~*~*~ (stealth).
   336 | D:1      | 336 ||| Stepping ~*~*~tactically~*~*~ (stealth).
   359 | D:1      | Reached skill level 5 in Axes
   425 | D:1      | Reached XP level 3. HP: 31/31 MP: 2/2
   427 | D:1      | Reached ** piety under Trog
   481 | D:1      | 481 ||| INVOKING Berserk.
  1193 | D:1      | 1193 ||| READING 2 scrolls labelled MEZXILO LINGUCW.
  1194 | D:1      | 1194 ||| READING scroll labelled NOUPUBL OSAMN.
  1195 | D:1      | 1195 ||| READING 2 scrolls labelled ISSOOL BAYHUEN.
  1196 | D:1      | 1196 ||| DRINKING 2 fuming amethyst potions.
  1197 | D:1      | 1197 ||| DRINKING 2 puce potions.
  1198 | D:1      | 1198 ||| DROPPING scroll of poison.
  1199 | D:1      | 1199 ||| DROPPING potion of degeneration.
  1200 | D:1      | 1200 ||| Stepping randomly (stuck).
  1201 | D:1      | 1201 ||| Stepping ~*~*~tactically~*~*~ (cloud).
  1207 | D:1      | HP: 7/31 [poisoned by you (poison gas)]
  1470 | D:2      | 1470 ||| Stepping ~*~*~tactically~*~*~ (stealth).
  1475 | D:2      | 1475 ||| INVOKING Berserk.
  1546 | D:2      | 1546 ||| Stepping ~*~*~tactically~*~*~ (stealth).
  1547 | D:2      | 1547 ||| Stepping ~*~*~tactically~*~*~ (stealth).
  1561 | D:2      | 1561 ||| Stepping ~*~*~tactically~*~*~ (stealth).
  1573 | D:2      | 1573 ||| Stepping ~*~*~tactically~*~*~ (stealth).
  1574 | D:2      | 1574 ||| Stepping ~*~*~tactically~*~*~ (stealth).
  1714 | D:2      | 1714 ||| INVOKING Berserk.
  2023 | D:2      | Reached XP level 4. HP: 37/39 MP: 3/3
  2091 | D:2      | Reached skill level 6 in Axes
  2351 | D:2      | 2351 ||| UPGRADING to +0 scale mail.
  2361 | D:2      | 2361 ||| DROPPING +0 animal skin.
  2362 | D:2      | 2362 ||| READING 2 scrolls labelled SEPSY RIMMUKK.
  2363 | D:2      | 2363 ||| READING scroll labelled BAFUK OSSUTEIQ.
  2367 | D:2      | 2367 ||| READING scroll labelled ROJESO PEXZIF.
  2368 | D:2      | 2368 ||| READING 4 scrolls of identify.
  2368 | D:2      | 2368 ||| IDENTIFYING black potion
  2369 | D:2      | 2369 ||| DROPPING scroll of vulnerability.
  2370 | D:2      | 2370 ||| DROPPING potion of invisibility.
  2391 | D:3      | Noticed Grinder
  2392 | D:3      | 2392 ||| INVOKING Trog's Hand.
  2401 | D:3      | 2401 ||| INVOKING Berserk.
  2406 | D:3      | Killed Grinder
  2407 | D:3      | Reached skill level 8 in Axes
  2407 | D:3      | Reached XP level 5. HP: 45/45 MP: 4/4
  2407 | D:3      | Reached XP level 6. HP: 51/51 MP: 5/5
  2517 | D:3      | 2517 ||| READING scroll of enchant weapon.
  2517 | D:3      | 2517 ||| ENCHANTING +1 hand axe.
  2673 | D:3      | 2673 ||| READING scroll of enchant weapon.
  2673 | D:3      | 2673 ||| ENCHANTING +2 hand axe.
  2728 | D:3      | 2728 ||| Stepping ~*~*~tactically~*~*~ (stealth).
  2729 | D:3      | 2729 ||| Stepping ~*~*~tactically~*~*~ (stealth).
  2738 | D:3      | 2738 ||| Stepping ~*~*~tactically~*~*~ (stealth).
  2749 | D:3      | 2749 ||| Stepping ~*~*~tactically~*~*~ (stealth).
  2755 | D:3      | Noticed Natasha
  2756 | D:3      | 2756 ||| Stepping ~*~*~tactically~*~*~ (hiding).
  2759 | D:3      | 2759 ||| Stepping ~*~*~tactically~*~*~ (hiding).
  2760 | D:3      | 2760 ||| Stepping ~*~*~tactically~*~*~ (hiding).
  2763 | D:3      | 2763 ||| INVOKING Berserk.
  2767 | D:3      | Killed Natasha
  2806 | D:3      | 2806 ||| Stepping ~*~*~tactically~*~*~ (stealth).
  2913 | D:3      | 2913 ||| Stepping ~*~*~tactically~*~*~ (stealth).
  3225 | D:3      | 3225 ||| READING scroll labelled VEEQOPR MEST.
  3226 | D:3      | 3226 ||| READING 3 scrolls of identify.
  3226 | D:3      | 3226 ||| IDENTIFYING sapphire potion
  3227 | D:3      | 3227 ||| READING 2 scrolls of identify.
  3227 | D:3      | 3227 ||| IDENTIFYING bubbling black potion
  3228 | D:3      | 3228 ||| DROPPING potion of attraction.
  3229 | D:3      | 3229 ||| DROPPING potion of berserk rage.
  3240 | D:4      | 3240 ||| PLANNING SEWER
  3408 | D:4      | You fall into a shaft and drop 3 floors!
  3410 | D:7      | 3410 ||| Stepping ~*~*~tactically~*~*~ (stealth).
  3411 | D:7      | 3411 ||| Stepping ~*~*~tactically~*~*~ (stealth).
  3416 | D:7      | HP: 8/50 [wight/+3 halberd of freezing (5)]
  3417 | D:7      | 3417 ||| READING scroll of teleportation.
  3417 | D:7      | HP: 1/50 [wight/+3 scimitar (7)]
  3417 | D:7      | Slain by a wight

Levels and vault maps discovered:
D:1:      minmay_arrival_stone_box, layout_loops_ring, serial_rivers,
          chequers_serial_rivers_large_b, chequers_serial_rivers_micro_c,
          chequers_serial_rivers_micro_a, chequers_serial_rivers_large_a,
          chequers_serial_rivers_small_a, ebering_ecumenical_altar_abandoned,
          minmay_vboxes
D:2:      layout_loops_cross
D:3:      minmay_roachtagon, layout_basic, hangedman_abyss_or_decor_stabs,
          uniq_natasha, uniq_grinder
D:4:      layout_basic, nzn_wu_jian_contemplation,
          mainiacjoe_overflow_divided_tiny, gup_sewer_entry_glass, uniq_edmund
D:7:      layout_basic, nicolae_qazlal_style_of_elements,
          minmay_temple_entry_nine_rooms

Skill      XL: |  1  2  3  4  5  6 |
---------------+-------------------+-----
Axes           | 4 5 8 |  8.8
Fighting       | 4 |  4.2
Armour         | |  2.4
Dodging        | |  2.1

Action                   |  1- 3 |  4- 6 || total
-------------------------+-------+-------++-------
Melee: Hand axe          |   105 |    84 ||   189
       Headbutt          |    16 |    16 ||    32
Invok: Berserk           |     3 |     2 ||     5
       Trog's Hand       |       |     1 ||     1
  Use: Scroll            |     3 |    10 ||    13
       Potion            |     2 |       ||     2
 Stab: Distracted        |     1 |       ||     1
Armor: Animal skin       |    12 |       ||    12
       Scale mail        |       |    15 ||    15
Dodge: Dodged            |    40 |    27 ||    67

Table legend:
 A = Non-vault XP
 B = Vault XP
 C = Vault XP percentage of total XP
 D = Non-vault monster count
 E = Vault monster count
 F = Vault count percentage of total count
                 A         B        C        D         E       F
            +---------+---------+-------+---------+---------+-------
      Total |     249 |     353 |  58.6 |      60 |      18 |  23.1
            +---------+---------+-------+---------+---------+-------
        D:1 |      58 |       8 |  12.1 |      25 |       6 |  19.4
        D:2 |      42 |       0 |   0.0 |      19 |       0 |   0.0
        D:3 |     108 |     345 |  76.2 |      14 |      12 |  46.2
        D:4 |      41 |       0 |   0.0 |       2 |       0 |   0.0
            +---------+---------+-------+---------+---------+-------
